 Dungeon Crawl Stone Soup version 0.29.0-4-gdea44cf6ec (webtiles) character file.

Game seed: 8576129665117934293

97 qw the Chopper (level 4, -2/26 HPs)
             Began as a Tengu Warper on Aug 28, 2022.
             Slain by Terence
             ... wielding a +0 flail
              (3 damage)
             ... on level 3 of the Dungeon.
             The game lasted 00:00:16 (2743 turns).

qw the Chopper (Tengu Warper)                       Turns: 2743, Time: 00:00:16

Health: -2/26      AC:  8    Str: 13    XL:     4   Next: 68%
Magic:  8/8        EV:  6    Int: 14    God:
Gold:   81         SH:  0    Dex: 13    Spells: 7/7 levels left

rFire   . . .      SeeInvis .   Y - +0 hand axe
rCold   . . .      Faith    .   (no shield)
rNeg    . . .      Spirit   .   a - +0 chain mail
rPois   +          Reflect  .   (helmet restricted)
rElec   .          Harm     .   (no cloak)
rCorr   .          Rampage  .   (no gloves)
Will    .....                   (boots unavailable)
Stlth   ..........              (no amulet)
HPRegen 0.08/turn               c - ring of poison resistance
MPRegen 0.11/turn               (no ring)

@: no status effects
A: beak, talons 3
a: no special abilities


You were on level 3 of the Dungeon.
You visited 1 branch of the dungeon, and saw 3 of its levels.

You collected 81 gold pieces.


Innate Abilities, Weirdness & Mutations

You have a beak for a mouth.
You have claws for feet.


   Skills:
 - Level 2.0 Fighting
 + Level 5.2 Axes
 - Level 1.0 Throwing
 - Level 1.1 Armour
 - Level 2.1 Dodging
 - Level 2.0 Spellcasting
 - Level 2.4 Translocations


You had 7 spell levels left.
You didn't know any spells.
Your spell library contained the following spells:

 Spells                   Type           Power      Damage    Failure   Level
 Blink                    Tloc           16%        N/A       99%         2
 Gell's Gravitas          Tloc           8%         N/A       100%        3
 Lesser Beckoning         Tloc           8%         N/A       100%        3
 Teleport Other           Tloc           8%         N/A       100%        3
 Manifold Assault         Tloc           8%         N/A       100%        5

Inventory:

Hand Weapons
 d - a +0 whip
 Y - a +0 hand axe (weapon)
Armour
 a - a +0 chain mail (worn)
Jewellery
 c - a ring of poison resistance (left hand)
Scrolls
 f - a scroll of identify
Potions
 b - a potion of resistance {unknown}
 e - a potion of magic {unknown}
 l - a potion of attraction {unknown}

Dungeon Overview and Level Annotations

Branches:
Dungeon (3/15)

Altars:

Annotations:
D:3 Terence


Message History

Enter note: You barely miss Terence.
Terence hits you but does no damage.
You barely miss Terence. You claw Terence, but do no damage.
Terence hits you but does no damage.
You closely miss Terence. You peck Terence, but do no damage.
Terence hits you but does no damage.
You hit Terence. Your kick misses Terence.
Terence is moderately wounded.
Terence shouts, "Get ready for death!"
Terence hits you with a +0 flail!
You hit Terence but do no damage. Your peck misses Terence.
Terence is moderately wounded.
Terence hits you but does no damage.
You hit Terence but do no damage.
Terence is moderately wounded.
Terence hits you but does no damage.
You hit Terence but do no damage.
Terence is moderately wounded.
Terence completely misses you.
You hit Terence. You claw Terence.
Terence is heavily wounded.
Terence hits you with a +0 flail.
You hit Terence. Your kick misses Terence.
Terence is heavily wounded.
Terence drinks a potion.
Terence is healed!
You hit Terence but do no damage. You claw Terence.
Terence is lightly wounded.
Terence hits you with a +0 flail.
You hit Terence. You claw Terence, but do no damage.
You peck Terence, but do no damage.
Terence is moderately wounded.
Terence hits you with a +0 flail.
You hit Terence but do no damage.
Terence is moderately wounded.
Terence hits you with a +0 flail.
You hit Terence but do no damage. Your peck misses Terence.
Terence is moderately wounded.
Terence hits you with a +0 flail.
You die...

#.# #.# #.# ## #.##
#+# #..... #.# #.##.#
###.#### #.##@#
.......# #...@#
##...#.# #..###
#......# #..#
##...#.# #..#####.
##.##.######........#
#.##.........#######
#.############ #.#
#.#


You could see Terence.

Vanquished Creatures
  4 adders
  A worm (D:2)
  A dart slug (D:1)
  4 ball pythons
  7 endoplasms
  2 giant cockroaches
  3 goblins
  8 hobgoblins
  4 jackals (D:1)
  3 kobolds
  3 quokkas
  3 bats (D:1)
  2 frilled lizards
  5 rats
50 creatures vanquished.

Notes
Turn   | Place    | Note
-------+----------+-------------------------------------------
     0 | D:1      | qw the Tengu Warper began the quest for the Orb.
     0 | D:1      | Reached XP level 1. HP: 12/12 MP: 4/4
     0 | D:1      | 0 ||| qw: Version: 0.1-a-89-g26bdef1
     0 | D:1      | 0 ||| qw: Game counter: 2508
     0 | D:1      | 0 ||| qw: Always use a shield: true
     0 | D:1      | 0 ||| qw: God list: Okawaru
     0 | D:1      | 0 ||| qw: Allow faded altars: false
     0 | D:1      | 0 ||| qw: Do Orc after D:15 true
     0 | D:1      | 0 ||| qw: Do second Lair branch before Depths: true
     0 | D:1      | 0 ||| qw: Lair rune preference: random
     0 | D:1      | 0 ||| qw: Plans: Normal
     0 | D:1      | 0 ||| PLANNING D:1-11
    28 | D:1      | HP: 3/12 [frozen (4)]
   342 | D:1      | 342 ||| Stepping ~*~*~tactically~*~*~ (stealth).
   416 | D:1      | Reached skill level 3 in Axes
   416 | D:1      | Reached XP level 2. HP: 13/17 MP: 6/6
   663 | D:1      | 663 ||| Stepping ~*~*~tactically~*~*~ (stealth).
   664 | D:1      | 664 ||| Stepping ~*~*~tactically~*~*~ (stealth).
   695 | D:1      | 695 ||| Stepping ~*~*~tactically~*~*~ (stealth).
   740 | D:1      | 740 ||| Stepping ~*~*~tactically~*~*~ (stealth).
   812 | D:1      | Reached XP level 3. HP: 21/21 MP: 7/7
  1179 | D:1      | 1179 ||| UPGRADING to +0 ring mail.
  1189 | D:1      | 1189 ||| DROPPING +0 leather armour.
  1190 | D:1      | 1190 ||| READING scroll labelled ILOC YHIPPAGO.
  1291 | D:1      | 1291 ||| READING scroll labelled ARANENN QYUT.
  1292 | D:1      | 1292 ||| READING scroll labelled DIULOE ZOFEG.
  1293 | D:1      | 1293 ||| READING scroll labelled UGUGU HAOPHALE.
  1294 | D:1      | 1294 ||| READING scroll labelled XIEHIA SIQEUBB.
  1298 | D:1      | 1298 ||| READING scroll labelled QISOJU GEIJU.
  1299 | D:1      | 1299 ||| DROPPING scroll of blinking.
  1401 | D:2      | Reached skill level 4 in Axes
  1714 | D:2      | 1714 ||| Stepping ~*~*~tactically~*~*~ (stealth).
  1718 | D:2      | 1718 ||| STAIRDANCE
  1726 | D:1      | Reached XP level 4. HP: 22/26 MP: 8/8
  1769 | D:1      | 1769 ||| UPGRADING to +0 chain mail.
  1779 | D:1      | 1779 ||| DROPPING +0 ring mail.
  1780 | D:1      | 1780 ||| READING scroll labelled WUX POTSULI.
  1793 | D:2      | Reached skill level 5 in Axes
  1793 | D:2      | 1793 ||| STAIRDANCE
  2284 | D:2      | 2284 ||| Stepping ~*~*~tactically~*~*~ (stealth).
  2575 | D:2      | 2575 ||| UPGRADING to ring of poison resistance.
  2576 | D:2      | 2576 ||| READING scroll labelled PEORRY ERCHALOPP.
  2729 | D:3      | Noticed Terence
  2741 | D:3      | HP: 6/26 [Terence/+0 flail (2)]
  2742 | D:3      | HP: 1/26 [Terence/+0 flail (5)]
  2743 | D:3      | Slain by Terence

Levels and vault maps discovered:
D:1:      tarquinn_simple_flora_water_d, layout_basic
D:2:      layout_basic
D:3:      layout_loops_corners, basic_ecumenical_altar, uniq_robin,
          uniq_terence, uniq_natasha

Skill      XL: |  1  2  3  4 |
---------------+-------------+-----
Axes           | 3 4 5 |  5.2
Fighting       | |  2.0
Throwing       | |  1.0
Armour         | |  1.1
Dodging        | |  2.1
Spellcasting   | |  2.0
Translocations | |  2.4

Action                   |  1- 3 |  4- 6 || total
-------------------------+-------+-------++-------
Melee: Hand axe          |    84 |    53 ||   137
       Kick              |    19 |    10 ||    29
       Peck              |    15 |     6 ||    21
Throw: Boomerang         |     7 |       ||     7
  Use: Scroll            |     6 |     2 ||     8
Armor: Leather armour    |     9 |       ||     9
       Ring mail         |    17 |       ||    17
       Chain mail        |       |    28 ||    28
Dodge: Dodged            |    32 |    18 ||    50

Table legend:
 A = Non-vault XP
 B = Vault XP
 C = Vault XP percentage of total XP
 D = Non-vault monster count
 E = Vault monster count
 F = Vault count percentage of total count
                 A         B        C        D         E       F
            +---------+---------+-------+---------+---------+-------
      Total |     139 |       0 |   0.0 |      50 |       0 |   0.0
            +---------+---------+-------+---------+---------+-------
        D:1 |      61 |       0 |   0.0 |      28 |       0 |   0.0
        D:2 |      78 |       0 |   0.0 |      22 |       0 |   0.0
            +---------+---------+-------+---------+---------+-------
